 Dungeon Crawl Stone Soup version 0.23.2-30-g0e89c35649 (webtiles) character file.

Game seed: 18353887640462709906

427 Kobolds4U the Carver (level 6, 0/51 HPs)
             Began as a Minotaur Fighter on June 7, 2019.
             Slain by an ogre
             ... wielding a +0 giant spiked club
              (19 damage)
             ... on level 4 of the Dungeon.
             The game lasted 00:03:28 (2580 turns).

Kobolds4U the Carver (Minotaur Fighter)             Turns: 2580, Time: 00:03:29

Health: 0/51       AC:  6    Str: 20    XL:     6   Next: 65%
Magic:  5/5        EV:  9    Int:  5    God:
Gold:   159        SH:  4    Dex: 12    Spells: 5/5 levels left

rFire    . . .     SeeInvis .   a - +0 long sword
rCold    . . .     Gourm    .   j - +0 buckler (curse)
rNeg     . . .     Faith    .   b - +0 scale mail
rPois    .         Spirit   .   (helmet restricted)
rElec    .         Reflect  .   (no cloak)
rCorr    .         Harm     .   (no gloves)
MR       .....                  (no boots)
Stlth    ..........             (no amulet)
HPRegen  0.17/turn              (no ring)
MPRegen  0.09/turn              (no ring)

@: no status effects
A: retaliatory headbutt, horns 2
a: no special abilities


You were on level 4 of the Dungeon.
You were not hungry.

You visited 1 branch of the dungeon, and saw 4 of its levels.

You collected 159 gold pieces.

Inventory:

Hand Weapons
 a - a +0 long sword (weapon)
Armour
 b - a +0 scale mail (worn)
 j - a cursed +0 buckler (worn)
Scrolls
 c - 5 scrolls of identify {unknown}
 e - a scroll of noise {unknown}
 h - 2 scrolls of enchant armour {unknown}
 i - 2 scrolls of remove curse {unknown}
 k - 3 scrolls of teleportation {unknown}
 m - a scroll of enchant weapon {unknown}
 n - a scroll of blinking {unknown}
Potions
 d - a potion of might
 l - a potion of cancellation {unknown}
Comestibles
 f - 3 rations
 g - 2 chunks of flesh


   Skills:
 - Level 3.6 Fighting
 + Level 8.7 Long Blades
 - Level 3.6 Armour
 - Level 3.6 Shields


You had 5 spell levels left.
You didn't know any spells.
Your spell library was empty.

Dungeon Overview and Level Annotations

Branches:
Dungeon (4/15)
 Temple: D:4-7

Altars:
Dithmenos
Makhleb


Innate Abilities, Weirdness & Mutations

You reflexively headbutt those who attack you in melee.
You have a pair of horns on your head.


Message History

You are too injured to fight recklessly!
You are too injured to fight recklessly!
You are too injured to fight recklessly!
You are too injured to fight recklessly!
You are too injured to fight recklessly!
You are too injured to fight recklessly!
You are too injured to fight recklessly!
You are too injured to fight recklessly!
You are too injured to fight recklessly!
Unknown command.
You hit the ogre but do no damage. You headbutt the ogre!
The ogre is almost dead.
You block the ogre's attack.
You hit the ogre.
The ogre is almost dead.
You completely miss the ogre.
You headbutt the ogre, but do no damage.
The ogre is almost dead.
The ogre hits you with a +0 giant spiked club!!
You die...

##...## .#....# .......
.#....# ....... .#....#
...... .#....# .....
##...## ...#
##...############...####
.......#...+....#O......
รท......#...#....@.......
#..######..###'####+##..
###..####..###.####.#
#....................
#....................
#########..####.#####
#### .# .. .#


You could see an ogre.

Vanquished Creatures
  Sigmund (D:3)
  An ogre (D:4)
  A hound (D:2)
  Jessica (D:2)
  A worker ant (D:4)
  5 adders
  An ooze (D:1)
  2 worms
  2 dart slugs
  2 leopard geckos (D:1)
  2 giant cockroaches (D:1)
  4 goblins
  10 hobgoblins
  A quokka (D:3)
  5 bats
  A frilled lizard (D:1)
  4 kobolds
  5 rats
49 creatures vanquished.

Notes
Turn   | Place    | Note
-------+----------+-------------------------------------------
     0 | D:1      | Kobolds4U the Minotaur Fighter began the quest for the Orb.
     0 | D:1      | Reached XP level 1. HP: 19/19 MP: 0/0
    84 | D:1      | Reached skill level 3 in Long Blades
   140 | D:1      | Reached XP level 2. HP: 25/26 MP: 1/1
   287 | D:1      | Reached skill level 4 in Long Blades
   414 | D:1      | Reached XP level 3. HP: 31/31 MP: 2/2
   776 | D:2      | Noticed Jessica
   781 | D:2      | Killed Jessica
   781 | D:2      | Reached skill level 5 in Long Blades
   996 | D:2      | Found a burning altar of Makhleb.
  1006 | D:2      | Reached XP level 4. HP: 27/39 MP: 3/3
  1500 | D:3      | Reached skill level 6 in Long Blades
  1744 | D:3      | Reached XP level 5. HP: 45/45 MP: 4/4
  1974 | D:3      | Found a shadowy altar of Dithmenos.
  2061 | D:3      | Noticed Sigmund
  2075 | D:3      | Killed Sigmund
  2075 | D:3      | Reached skill level 7 in Long Blades
  2075 | D:3      | Reached XP level 6. HP: 50/51 MP: 5/5
  2267 | D:4      | Reached skill level 8 in Long Blades
  2580 | D:4      | Slain by an ogre

Skill      XL: |  1  2  3  4  5  6 |
---------------+-------------------+-----
Long Blades    | 3 4 5 6 7 8 |  8.7
Fighting       | |  3.6
Armour         | |  3.6
Shields        | |  3.6

Action                   |  1- 3 |  4- 6 || total
-------------------------+-------+-------++-------
Melee: Long sword        |    66 |    84 ||   150
       Headbutt          |     6 |    17 ||    23
  Eat: Chunk             |       |     5 ||     5
Armor: Scale mail        |    32 |    25 ||    57
Dodge: Dodged            |    25 |    35 ||    60
Block: Shield            |    30 |       ||    30
       Buckler           |     5 |    14 ||    19
       Rpst.: Long sword |     7 |     7 ||    14
